 Dungeon Crawl Stone Soup version 0.21-a0-396-ga924934 (webtiles) character file.

1639 Kavrick the Slasher (level 9, -13/69 HPs)
             Began as a Formicid Fighter on Oct 19, 2017.
             Was a Follower of Dithmenos.
             Mangled by Menkaure (18 damage)
             ... on level 6 of the Dungeon.
             The game lasted 00:14:13 (6684 turns).

Kavrick the Slasher (Formicid Fighter)              Turns: 6684, Time: 00:14:14

Health: -13/69     AC: 15    Str: 25    XL:     9   Next: 18%
Magic:  9/9        EV:  7    Int:  7    God:    Dithmenos [*.....]
Gold:   329        SH: 11    Dex: 10    Spells: 8/8 levels left

rFire    . . .     SeeInvis +   a - +1 long sword
rCold    . . .     Gourm    .   c - +0 shield
rNeg     . . .     Faith    .   e - +0 chain mail
rPois    .         Spirit   .   (helmet unavailable)
rElec    .         Reflect  .   (no cloak)
rCorr    .         Harm     .   j - +2 pair of gloves
MR       .....                  z - +1 pair of boots
Stlth    ..........             (no amulet)
HPRegen  0.21/turn              (no ring)
MPRegen  0.11/turn              (no ring)

@: wreathed by umbra
A: permanent stasis, dig shafts and tunnels, four strong arms, antennae 3
a: Dig, Shaft Self, Renounce Religion


You were on level 6 of the Dungeon.
You worshipped Dithmenos.
Dithmenos was aware of your devotion.
You were not hungry.

You visited 2 branches of the dungeon, and saw 7 of its levels.

You collected 329 gold pieces.

Inventory:

Hand Weapons
 a - a +1 long sword (weapon)
 y - a +0 halberd
Missiles
 t - 2 throwing nets (quivered)
Armour
 c - a +0 shield (worn)
 e - a +0 chain mail (worn)
 j - a +2 pair of gloves (worn)
 z - a +1 pair of boots (worn)
Jewellery
 h - an uncursed ring of magical power
 A - an uncursed ring of protection from cold {unknown}
 D - a +3 ring of dexterity {unknown}
Wands
 v - a wand of iceblast (2/15)
 B - a wand of scattershot (3/9)
Scrolls
 d - 2 scrolls of blinking {unknown}
 k - 2 scrolls of remove curse
 m - a scroll of recharging
 o - a scroll of immolation
 q - 2 scrolls of identify
 u - a scroll of fog {unknown}
 E - a scroll of enchant armour
Potions
 g - 2 potions of heal wounds
 i - 2 potions of flight
 l - a potion of magic {unknown}
 p - a potion of ambrosia {unknown}
 r - a potion of curing {unknown}
 s - a potion of invisibility {unknown}
 w - a potion of lignification {unknown}
 C - a potion of agility {unknown}
Books
 x - a book of Minor Magic

   Spells                             Type                      Level
   a - Magic Dart                     Conjuration                  1
   b - Blink                          Translocation                2
   c - Call Imp                       Summoning                    2
   d - Slow                           Hexes                        2
   e - Conjure Flame                  Conjuration/Fire             3
   f - Mephitic Cloud                 Conjuration/Poison/Air       3
Comestibles
 f - 6 bread rations
 n - 4 royal jellies


   Skills:
 + Level 6.2 Fighting
 * Level 7.2 Long Blades
 + Level 6.3 Armour
 + Level 6.9 Shields


You had 8 spell levels left.
You didn't know any spells.

Dungeon Overview and Level Annotations

Branches:
Dungeon (6/15)             Temple (1/1) D:4

Altars:
Ashenzari
Cheibriados
Dithmenos
Elyvilon
Fedhas
Gozag
Hepliaklqana
Kikubaaqudgha
Makhleb
Nemelex Xobeh
Ru
Sif Muna
Uskayaw
Vehumet
Wu Jian
Xom
Yredelemnul
Zin
The Shining One

Shops:
D:4 *   D:6 %*

Annotations:
D:6 Menkaure


Innate Abilities, Weirdness & Mutations

You cannot be hasted, slowed, berserked, paralysed or teleported.
You can dig through walls and to a lower floor.
Your four strong arms can wield two-handed weapons with a shield.
You have a pair of large antennae on your head. (SInv)


Message History

Menkaure hits you but does no damage. x2
You closely miss Menkaure.
Menkaure is severely damaged.
Menkaure barely misses you.
You slash Menkaure!
Menkaure is almost destroyed.
Menkaure casts a spell at you. You resist with significant effort.
You barely miss Menkaure.
Menkaure is almost destroyed.
Menkaure calls on the powers of darkness!
Your body is wracked with pain!
* * * LOW HITPOINT WARNING * * *
Menkaure calls on the powers of darkness!
Your body is wracked with pain!
* * * LOW HITPOINT WARNING * * *
Your chain mail prevents you from hitting Menkaure.
Menkaure is almost destroyed.
Menkaure hits you!!
You die...

..# #.# .## ##### #.# ..#
#...# #.#
..#.#######.####.#
.#....[.# #...##.#########
.........####.##.#.......#
.......... #....#.......#
.......... ###..........#
..........######@#.......#
.. ..∩..........M........#
.........####.#.......#
......##.# #.#.......#
...... #.. #.#.......#
....{ .... #.#.......#
..... .........#######
.M.. .###....# ...∩ .
.#..#


You could see Menkaure.

Vanquished Creatures
  The ghost of Kavrick the Slasher, an amateur DsGl (D:4)
  3 ogres
  A centaur (D:6)
  2 bullfrogs (D:6)
  A water moccasin zombie (D:6)
  A jelly (D:5)
  3 gnoll shamans (D:3)
  2 orc wizards
  An orc priest (D:4)
  2 hounds
  An iguana (D:4)
  5 worker ants
  37 gnolls
  A howler monkey skeleton (D:6)
  8 adders
  2 shadow imps (D:5)
  2 oozes
  2 worms
  A dart slug (D:4)
  4 leopard geckos
  11 orcs
  4 bats
  4 giant cockroaches (D:1)
  8 goblins
  8 hobgoblins
  14 jackals
  4 kobolds
  2 quokkas (D:6)
  5 ball pythons
  3 frilled lizards
  3 jackal skeletons
  4 rats
150 creatures vanquished.

Notes
Turn   | Place    | Note
-------+----------+-------------------------------------------
     0 | D:1      | Kavrick the Formicid Fighter began the quest for the Orb.
     0 | D:1      | Reached XP level 1. HP: 18/18 MP: 1/1
    31 | D:1      | Reached XP level 2. HP: 22/24 MP: 2/2
   430 | D:1      | Reached XP level 3. HP: 29/29 MP: 3/3
  1399 | D:3      | Reached XP level 4. HP: 37/37 MP: 4/4
  1442 | D:3      | Reached skill level 3 in Long Blades
  1681 | D:3      | Found an ancient bone altar of Kikubaaqudgha.
  1815 | D:3      | Reached XP level 5. HP: 35/42 MP: 5/5
  2365 | D:3      | Reached XP level 6. HP: 45/48 MP: 6/6
  2408 | D:3      | Reached skill level 4 in Long Blades
  2477 | D:3      | Reached skill level 5 in Shields
  2510 | D:3      | Noticed an ogre
  2596 | D:3      | Killed an ogre
  2596 | D:3      | Reached XP level 7. HP: 18/55 MP: 7/7
  3608 | D:3      | Reached skill level 5 in Long Blades
  3664 | D:3      | Reached skill level 5 in Armour
  3773 | D:3      | Reached skill level 5 in Fighting
  4266 | D:4      | Found a staircase to the Ecumenical Temple.
  4272 | Temple   | Entered the Ecumenical Temple
  4463 | Temple   | Became a worshipper of Dithmenos the Shadowed
  4561 | D:4      | Noticed Kavrick's ghost (amateur DsGl)
  4600 | D:4      | Killed Kavrick's ghost
  4600 | D:4      | Reached XP level 8. HP: 40/62 MP: 8/8
  5024 | D:4      | Reached skill level 6 in Long Blades
  5312 | D:4      | Found Zin's Purification Station.
  5333 | D:4      | Found a glowing silver altar of Zin.
  5482 | D:5      | Entered Level 5 of the Dungeon
  5502 | D:5      | Found a deep blue altar of Sif Muna.
  6031 | D:5      | Reached * piety under Dithmenos
  6398 | D:6      | Reached XP level 9. HP: 65/69 MP: 9/9
  6463 | D:6      | Reached skill level 7 in Long Blades
  6654 | D:6      | Found Bamuwein's Food Shop.
  6656 | D:6      | Found Facsestre's General Store.
  6656 | D:6      | Noticed Menkaure
  6684 | D:6      | Mangled by Menkaure

Vault maps used:
D:1:      eino_arrival_cavern_a
D:3:      lemuel_castle_with_subvaults, lemuel_round_altar, first_bread
D:4:      zin_purify, minmay_temple_entry_hall
D:5:      lemuel_blue_sif_altar
D:6:      nicolae_overflow_hidden_temple, serial_shops, kennysheep_little_box,
          shop, shop, uniq_grinder, uniq_menkaure
Temple:   eino_temple_rhombus

Skill      XL: |  1  2  3  4  5  6  7  8  9 |
---------------+----------------------------+-----
Shields        | 4 5 6 |  6.9
Long Blades    | 3 4 5 6 7 |  7.2
Armour         | 4 5 6 |  6.3
Fighting       | 4 5 6 |  6.2

Action                   |  1- 3 |  4- 6 |  7- 9 || total
-------------------------+-------+-------+-------++-------
Melee: Long sword        |   121 |   227 |   411 ||   759
  Use: Scroll            |       |       |    10 ||    10
       Potion            |       |       |     1 ||     1
  Eat: Chunk             |     2 |     4 |    13 ||    19
       Fruit             |       |       |     1 ||     1
Armor: Scale mail        |    56 |   106 |    22 ||   184
       Chain mail        |       |       |   136 ||   136
Dodge: Dodged            |    35 |    95 |   106 ||   236
Block: Shield            |    59 |   150 |   191 ||   400
       Rpst.: Long sword |    12 |    28 |    43 ||    83

Table legend:
 A = Spawn XP
 B = Non-spawn XP
 C = Spawn XP percentage of total XP
 D = Spawn monster count
 E = Non-spawn monster count
 F = Spawn count percentage of total count
 G = Total turns spent on level
                    A         B        C        D         E        F      G
               +---------+---------+-------+---------+---------+-------+---------
         Total |       0 |    2342 |   0.0 |       0 |     150 |   0.0 |  6684
               +---------+---------+-------+---------+---------+-------+---------
           D:1 |       0 |      45 |   0.0 |       0 |      23 |   0.0 |   800
           D:2 |       0 |      17 |   0.0 |       0 |       8 |   0.0 |   546
           D:3 |       0 |     836 |   0.0 |       0 |      72 |   0.0 |  2877
           D:4 |       0 |     576 |   0.0 |       0 |      16 |   0.0 |  1051
           D:5 |       0 |     457 |   0.0 |       0 |      22 |   0.0 |   902
           D:6 |       0 |     411 |   0.0 |       0 |       9 |   0.0 |   300
               +---------+---------+-------+---------+---------+-------+---------
